AoeStats
← ROKETSAN YeniCeri

MegaRandom

506652767Analyzed
1v1 RM · 17d ago on Sep 14, 2026· 66m 8s· 2 players
Game mode
Random Map
Map size
Tiny (2 player)
Population
200
Speed
Normal
Resources
Standard
Victory
Conquest
Starting age
Dark Age
Ending age
Imperial Age
RankedLock teamsTeams togetherTeam positionsShared explorationLock speedFull tech treeHidden civsTurbo modeCheats
Victory
Defeat
🇸🇰 Lithuanians · Slovakia
767
+16
🇩🇪 Turks · Germany
762
-16
ROKETSAN YeniCeri
0:49 Loom
13:23 Feudal Age
19:44 Castle Age
44:45 Imperial Age
48:45 Sanctity
Noso
7:45 Loom
10:41 Feudal Age
12:05 Wheelbarrow
11:48 Double-Bit Axe
19:57 Gold Mining
19:51 Horse Collar
22:17 Bloodlines
26:22 Castle Age
24:43 Stone Mining
26:00 Forging
25:41 Fletching
25:52 Padded Archer Armor
28:05 Iron Casting
27:26 Bodkin Arrow
28:46 Husbandry
35:04 Hand Cart
34:54 Heavy Plow
45:14 Scale Barding Armor
47:04 Bow Saw
58:51 Redemption
65:34 Imperial Age
Connection lost

Rejoining the realm…

Still unreachable

The connection could not be restored.

Session expired

The server has moved on; the page needs a fresh start.